 Dungeon Crawl Stone Soup version 0.30.0-5-g1a98f26d00 (webtiles) character file.

Game seed: 330706640702632212

21 GigaChad the Shield-Bearer (level 3, -5/29 HPs)
             Began as a Formicid Fighter on May 13, 2023.
             Slain by a gnoll
             ... wielding a +0 flail
              (8 damage)
             ... on level 2 of the Dungeon.
             The game lasted 00:00:46 (504 turns).

GigaChad the Shield-Bearer (Formicid Fighter)        Turns: 504, Time: 00:00:47

Health: -5/29      AC:  6    Str: 22    XL:     3   Next: 5%
Magic:  3/3        EV:  9    Int:  7    God:
Gold:   84         SH:  5    Dex: 13    Spells: 2/2 levels left

rFire   . . .        a - +0 war axe
rCold   . . .        c - +0 buckler
rNeg    . . .        b - +0 scale mail
rPois   .            (helmet unavailable)
rElec   .            (no cloak)
rCorr   .            (no gloves)
SInv    +            (no boots)
Will    .....        (no amulet) Stlth
                     (no ring)
HPRegen 0.24/turn    (no ring)
MPRegen 0.08/turn

%: no passive effects
@: no status effects
A: permanent stasis, dig shafts and tunnels, antennae 3, four strong arms
a: Dig, Shaft Self


You were on level 2 of the Dungeon.
You visited 1 branch of the dungeon, and saw 2 of its levels.

You collected 84 gold pieces.

Inventory:

Hand Weapons
 a - a +0 war axe (weapon)
Armour
 b - a +0 scale mail (worn)
 c - a +0 buckler (worn)
Scrolls
 f - a scroll of identify {unknown}
 h - 2 scrolls of teleportation {unknown}
 i - a scroll of fog {unknown}
 k - a scroll of noise {unknown}
 l - 2 scrolls of enchant armour {unknown}
Potions
 d - a potion of might
 e - a potion of lignification {unknown}
 g - a potion of haste {unknown}
 j - a potion of attraction {unknown}
 m - 2 potions of degeneration {unknown}
 n - a potion of ambrosia {unknown}


   Skills:
 * Level 3.6 Fighting
 * Level 2.2 Axes
 * Level 3.6 Armour
 * Level 4.3 Shields


You had 2 spell levels left.
You didn't know any spells.
Your spell library was empty.

Dungeon Overview and Level Annotations

Branches:
Dungeon (2/15)

Altars:


Innate Abilities, Weirdness & Mutations

You cannot be hasted, slowed, berserked, paralysed or teleported.
You can dig through walls and to a lower floor.
You have a pair of large antennae on your head. (SInv)
Your four strong arms can wield two-handed weapons with a shield.


Message History

a bat corpse; a giant cockroach corpse
n - a bubbling yellow potion No target in view!
A gnoll comes into view. It is wielding a +0 whip.
The gnoll shouts!
You hear a shout!
The gnoll moves out of view.
You hear a shout! x2
A gnoll comes into view. It is wielding a +0 flail.
A gnoll is nearby!
A gnoll is nearby!
A gnoll comes into view. It is wielding a +0 spear.
A hobgoblin comes into view.
There are monsters nearby!
Found a scroll labelled WOAGODGHOSE.
Found a stone staircase leading up.
Found a scroll labelled HANEAP TOEST.
There are monsters nearby!
You closely miss the gnoll. You barely miss the gnoll.
You block the gnoll's attack.
The gnoll hits you from afar with a +0 spear. x2
The gnoll hits you with a +0 whip. The gnoll hits you with a +0 flail.
You barely miss the gnoll. x2
A hobgoblin comes into view.
The gnoll hits you from afar with a +0 spear.
You block the gnoll's attack.
Unknown command.
You are too injured to fight recklessly!
You are too injured to fight recklessly!
You are too injured to fight recklessly!
Unknown command.
You are too injured to fight recklessly!
The gnoll attacks as you move away! The gnoll hits you with a +0 whip.
A gnoll comes into view. It is wielding a +0 spear.
The gnoll closely misses you. The gnoll attacks as you move away!
You block the gnoll's attack.
Unknown command.
You completely miss the gnoll.
The gnoll hits you from afar with a +0 spear.
* * * LOW HITPOINT WARNING * * *
The gnoll hits you with a +0 flail!
You die...

######### ........##.#
#... #........##.#
##.⌠.# #........##.#
...... #........##.#
#.⌠?..⌠ #........##.#
....... #........##.#
....<..
#........##.####....?..
#............@gggg⌠...⌠
#........##.###gg#.....
#........##.# #..# ⌠.#
..####..####.# #.... #
###†####.# #.####
#.....##.# #...
#.....##.# #.###
#......#.##.....
######......#


You could see 4 gnolls and 2 hobgoblins.

Vanquished Creatures
  2 bats (D:2)
  3 endoplasms
  3 giant cockroaches
  A goblin (D:1)
  3 hobgoblins
  A quokka (D:1)
  2 ball pythons (D:1)
  2 kobolds (D:1)
  A rat (D:1)
18 creatures vanquished.

Notes
Turn   | Place    | Note
-------+----------+-------------------------------------------
     0 | D:1      | GigaChad the Formicid Fighter began the quest for the Orb.
     0 | D:1      | Reached XP level 1. HP: 18/18 MP: 1/1
   175 | D:1      | Reached XP level 2. HP: 24/24 MP: 2/2
   484 | D:2      | Reached XP level 3. HP: 29/29 MP: 3/3
   504 | D:2      | Slain by a gnoll

Illustrated notes

Levels and vault maps discovered:
D:1:      scummos_arrival_simple_fountains, layout_rooms
D:2:      layout_rooms, serial_shops, shop, minivault_14, grunt_ministairs_2

Action                     || total
---------------------------++-------
  Melee: War axe           ||    62
 Armour: Scale mail        ||    28
  Dodge: Dodged            ||    29
  Block: Buckler           ||    12
